 Dungeon Crawl Stone Soup version 0.31-a0-960-g0fca184906 (webtiles) character file.

Game seed: 13450972064501540756

106 Azuregosa the Sneak (level 4, -10/31 HPs)
             Began as an Octopode Delver on Oct 23, 2023.
             Was an Initiate of Hepliaklqana.
             Mangled by an ogre
             ... wielding a +0 giant spiked club
              (18 damage)
             ... on level 4 of the Dungeon.
             The game lasted 00:03:10 (548 turns).

Azuregosa the Sneak (Octopode Delver)                Turns: 548, Time: 00:03:11

Health: -10/31     AC:  1    Str: 11    XL:     4   Next: 84%
Magic:  4/4        EV: 16    Int: 14    God:    Hepliaklqana [......]
Gold:   62         SH:  0    Dex: 19    Spells: 3/3 levels left

rFire   . . .        g - +0 war axe
rCold   . . .        (no shield)
rNeg    . . .        (helmet restricted)
rPois   .            k - amulet of magic regeneration
rElec   .            j - +6 ring of dexterity
rCorr   .            (no ring)
SInv    .            (no ring)
Will    .....        (no ring)
Stlth   +++++        (no ring)
HPRegen 0.25/turn    (no ring)
MPRegen 0.49/turn    (no ring)
                     (no ring)

%: no passive effects
@: no status effects
A: almost no armour, amphibious, 8 rings, camouflage 1, gelatinous body 1,
(nimble swimmer 1), tentacles
a: Renounce Religion


You were on level 4 of the Dungeon.
You worshipped Hepliaklqana.
Hepliaklqana was noncommittal.
You visited 2 branches of the dungeon, and saw 4 of its levels.

You collected 62 gold pieces.

Inventory:

Hand Weapons
 a - a +0 hand axe
 g - a +0 war axe (weapon)
Missiles
 d - 2 stones
Armour
 h - a +0 scale mail
Jewellery
 j - a +6 ring of dexterity (left tentacle)
 k - an amulet of magic regeneration (around mantle)
Wands
 f - a wand of digging (3)
Scrolls
 b - a scroll of fog
 c - 2 scrolls of identify {unknown}
 i - a scroll of butterflies {unknown}
 l - a scroll of teleportation {unknown}
 m - a scroll of vulnerability {unknown}
 n - a scroll of noise {unknown}
Potions
 e - a potion of haste


   Skills:
 - Level 3.0 Fighting
 - Level 2.0 Axes
 + Level 4.9 Dodging
 - Level 6.6 Stealth


You had 3 spell levels left.
You didn't know any spells.
Your spell library was empty.

Dungeon Overview and Level Annotations

Branches:
Dungeon (5/15)             Temple (1/1) D:5

Altars:
Ashenzari
Cheibriados
Elyvilon
Gozag
Hepliaklqana
Kikubaaqudgha
Makhleb
Okawaru
Qazlal
Ru
Trog
Uskayaw
Vehumet
Zin

Annotations:
D:3 Sigmund


Innate Abilities, Weirdness & Mutations

You cannot wear most types of armour.
You are amphibious.
You can wear up to eight rings at the same time.
Your skin changes colour to match your surroundings (Stealth+).
Your rubbery body absorbs attacks. (AC +1, EV +1)
((You are camouflaged when in or above water. (Stealth+)))
You have tentacles for arms and can constrict up to eight enemies at once.


Message History

There is a stone staircase leading down here.
n - a scroll labelled BEYWIZEMEA A hobgoblin comes into view.
Found a stone staircase leading down.
A goblin comes into view. It is wielding a +0 club.
Sigmund shouts!
Sigmund casts a spell at you. The magic dart hits you!
The hobgoblin shouts!
You hear a shout!
You hear an angry hiss.
You slash the hobgoblin!
You kill the hobgoblin!
A ball python comes into view.
There is a stone staircase leading down here.
Sigmund points at you and mumbles some strange words.
The magic dart hits you.
You climb downwards.
Found 9 gold pieces.
There is a stone staircase leading up here.
You start resting.
An ogre opens the door.
It is wielding a +0 giant spiked club.
The ogre closely misses you.
You slash the ogre! You squeeze the ogre!
The ogre is severely wounded.
The ogre barely misses you.
You hit the ogre.
The ogre is severely wounded.
The ogre barely misses you.
You hit the ogre.
The ogre is severely wounded.
You hit the ogre. You squeeze the ogre.
The ogre is almost dead.
The ogre hits you with a +0 giant spiked club!
Ouch! That really hurt!
* * * LOW HITPOINT WARNING * * *
You hit the ogre but do no damage.
The ogre is almost dead.
The ogre hits you with a +0 giant spiked club!!
Ouch! That really hurt!
You die...

####. ###### ##+# #.... .O...#
##...## #....##.#..# ###
##.....## #....##.#..# ##.##
##.......## #.......#..#
#...####.........###.......#..###
..<....+......<.@O...............
....####.........####.........###
##.## ##.$.....## #........## #
##.# ##.....## ###.###### # ##.#
##...## #.# # ##.# ##+# #.# #
...# #.# #.# #### #.# #.# # ##.##
#.#


You could see an ogre.

Vanquished Creatures
  2 hounds (D:5)
  4 adders
  A dart slug (D:4)
  An orc (D:5)
  A goblin (D:4)
  A hobgoblin (D:3)
  A bat (D:4)
11 creatures vanquished.

Notes
Turn   | Place    | Note
-------+----------+-------------------------------------------
     0 | D:5      | Azuregosa the Octopode Delver began the quest for the Orb.
     0 | D:5      | Reached XP level 1. HP: 16/16 MP: 1/1
     0 | D:5      | Found an ancient bone altar of Kikubaaqudgha.
     0 | D:5      | Found a hazy altar of Hepliaklqana.
    12 | D:5      | Became a worshipper of Hepliaklqana the Forgotten
    31 | D:5      | Noticed a hound
    33 | D:5      | Noticed a hound
    96 | D:5      | Killed a hound
    97 | D:5      | Reached XP level 2. HP: 21/21 MP: 2/2
    97 | D:5      | Reached XP level 3. HP: 26/26 MP: 3/3
   106 | D:5      | Reached XP level 4. HP: 25/31 MP: 4/4
   106 | D:5      | Found a staircase to the Ecumenical Temple.
   121 | D:5      | Noticed a sky beast
   129 | Temple   | Entered the Ecumenical Temple
   185 | D:3      | Noticed Sigmund
   424 | D:4      | Noticed an ogre
   548 | D:4      | Mangled by an ogre

Illustrated notes

Levels and vault maps discovered:
D:3:      layout_basic, st_stairs_4, uniq_sigmund
D:4:      layout_loops_corners, mainiacjoe_overflow_24_doors
D:5:      layout_basic, mainiacjoe_overflow_six_doors_small,
          nemelex_spade_bored_becter, old_standard_altar,
          minmay_temple_entry_wispy
Temple:   nicolae_temple_no_exploring_needed

Skill      XL: |  1  2  3 |
---------------+----------+-----
Dodging        | 3 4 |  4.9
Fighting       | |  3.0
Axes           | |  2.0
Stealth        | |  6.6

Action                     |  1- 3 |  4- 6 || total
---------------------------+-------+-------++-------
  Melee: Hand axe          |     3 |       ||     3
         Tentacles         |     4 |     6 ||    10
         Constrict         |     3 |     5 ||     8
         War axe           |     5 |    18 ||    23
    Use: Scroll            |     1 |     1 ||     2
   Stab: Sleeping          |     1 |     2 ||     3
 Armour: Skin              |     2 |    15 ||    17
  Dodge: Dodged            |     8 |    13 ||    21

Table legend: (Time is in decaauts)
 A = Elapsed time spent in this place.
 B = Non-inter-level travel time spent in this place.
 C = Inter-level travel time spent in this place.
 D = Time resting spent in this place.
 E = Time spent auto-exploring this place.
 F = Levels seen in this place.
 G = Mean time per level.
                   A        B        C        D        E       F      G
               +--------+--------+--------+--------+--------+-----+--------+
         Total |    557 |    557 |      0 |    141 |    163 |   4 |  139.2 |
       Dungeon |    555 |    555 |      0 |    141 |    163 |   3 |  185.0 |
        Temple |      1 |      1 |      0 |      0 |      0 |   1 |    1.0 |
               +--------+--------+--------+--------+--------+-----+--------+

Top non-repeatable levels by time:
     D:4: 365 daAuts
     D:5: 153 daAuts
     D:3: 36 daAuts
  Temple: 1 daAuts
